 Dungeon Crawl Stone Soup version 0.31-a0-355-g57cb03d3e8 (webtiles) character file.

Game seed: 2890671866228399407

21172 mopl the Covert (level 12, -14/72 HPs)
             Began as a Deep Elf Enchanter on July 24, 2023.
             Was a High Priest of Dithmenos.
             Demolished by a merfolk
             ... wielding a +0 trident
              (15 damage)
             ... on level 2 of the Lair of Beasts.
             The game lasted 00:26:17 (13456 turns).

mopl the Covert (Deep Elf Enchanter)               Turns: 13456, Time: 00:26:18

Health: -14/72     AC: 14    Str:  5    XL:     12   Next: 51%
Magic:  21/29      EV:  9    Int: 26    God:    Dithmenos [*****.]
Gold:   436        SH: 10    Dex: 15    Spells: 20/33 levels left

rFire   . . .        a - +0 dagger (drain)
rCold   . . .        o - +0 kite shield
rNeg    . . .        D - +0 steam dragon scales
rPois   .            p - +2 hat
rElec   .            F - +0 cloak
rCorr   .            l - +0 pair of gloves
SInv    .            f - +0 pair of boots
Will    ++...        (no amulet)
Stlth   ++++++++     V - ring of willpower
HPRegen 0.32/turn    b - +4 ring of protection
MPRegen 0.21/turn

%: no passive effects
@: wreathed by umbra
A: no striking features
a: Renounce Religion, Shadow Step, Shadow Form


You were on level 2 of the Lair of Beasts.
You worshipped Dithmenos.
Dithmenos was extremely pleased with you.
You visited 2 branches of the dungeon, and saw 12 of its levels.
You also visited: Bailey.

You collected 842 gold pieces.
You spent 406 gold pieces at shops.

Inventory:

Hand Weapons
 a - a +0 dagger of draining (weapon)
 u - a +3 dagger
Missiles
 h - 5 javelins
 s - 17 boomerangs
 N - 6 poisoned darts
 S - a throwing net
Armour
 f - a +0 pair of boots (worn)
 l - a +0 pair of gloves (worn)
 n - +0 acid dragon scales
 o - a +0 kite shield (worn)
 p - a +2 hat (worn)
 D - +0 steam dragon scales (worn)
 F - a +0 cloak (worn)
 U - the +0 tower shield of Eczyimai {+Inv rN++ MP+9}
   (You found it in a bailey)

   rN:        It greatly protects you from negative energy.
   MP:        It affects your magic capacity (+9).
   +Inv:      It lets you turn invisible.
Jewellery
 b - a +4 ring of protection (right hand)
 v - a ring of positive energy
 Q - a ring of flight
 T - a ring of fire
 V - a ring of willpower (left hand)
 W - a ring of protection from cold
 X - a ring of protection from cold
Wands
 L - a wand of roots (9)
 O - a wand of flame (13)
Scrolls
 e - 4 scrolls of vulnerability {unknown}
 g - 5 scrolls of identify {unknown}
 i - a scroll of amnesia {unknown}
 k - 2 scrolls of blinking {unknown}
 m - 3 scrolls of poison {unknown}
 q - 3 scrolls of revelation {unknown}
 r - 2 scrolls of noise {unknown}
 t - 2 scrolls of fear {unknown}
 y - 2 scrolls of silence {unknown}
 A - a scroll of brand weapon {unknown}
 B - a scroll of enchant armour {unknown}
 H - a scroll of teleportation {unknown}
 I - 3 scrolls of enchant weapon {unknown}
 M - a scroll of torment {unknown}
 R - 2 scrolls of fog {unknown}
Potions
 c - 4 potions of invisibility
 d - 4 potions of brilliance
 j - 3 potions of lignification {unknown}
 w - 2 potions of berserk rage {unknown}
 x - a potion of might {unknown}
 z - a potion of haste {unknown}
 C - 9 potions of curing
 E - 4 potions of cancellation
 G - 2 potions of enlightenment {unknown}
 J - 5 potions of mutation {!q}
 K - a potion of heal wounds
 P - 2 potions of attraction {unknown}


   Skills:
 + Level 7.2 Fighting
 + Level 8.8 Short Blades
 - Level 2.4 Dodging
 + Level 12.0 Stealth
 + Level 7.1 Shields
 + Level 11.4 Spellcasting
 + Level 11.7 Hexes
 + Level 1.6 Translocations


You had 20 spell levels left.
You knew the following spells:

 Your Spells              Type           Power      Damage    Failure   Level
b - Ensorcelled Hibernat  Hex/Ice        90%        N/A       3%          2
c - Confusing Touch       Hex            66%        N/A       1%          3
d - Tukima's Dance        Hex            66%        N/A       1%          3
e - Blink                 Tloc           46%        N/A       21%         2
f - Dazzling Flash        Conj/Hex       90%        N/A       7%          3

Your spell library contained the following spells:

 Spells                   Type           Power      Damage    Failure   Level
 Summon Guardian Golem    Hex/Summ       45%        N/A       7%          3
 Lesser Beckoning         Tloc           46%        N/A       21%         2
 Kiss of Death            Conj/Necr      56%        2d9       26%         1
 Shock                    Conj/Air       56%        1d6       26%         1
 Summon Small Mammal      Summ           56%        N/A       26%         1
 Cigotuvi's Dreadful Rot  Necr/Pois/Air  28%        N/A       36%         2
 Gell's Gravitas          Tloc           23%        N/A       38%         3
 Teleport Other           Tloc           23%        N/A       38%         3
 Call Canine Familiar     Summ           14%        N/A       61%         3
 Hailstorm                Conj/Ice       14%        3d5       61%         3
 Swiftness                Air            14%        N/A       61%         3
 Manifold Assault         Tloc           23%        N/A       80%         4
 Airstrike                Air            7%         2d(1-17)  95%         4
 Dispel Undead            Necr           14%        3d10      95%         4
 Summon Ice Beast         Ice/Summ       14%        N/A       95%         4
 Death Channel            Necr           7%         N/A       100%        6
 Simulacrum               Ice/Necr       7%         N/A       100%        6


Dungeon Overview and Level Annotations

Branches:
Dungeon (10/15)            Temple (0/1) D:7            Lair (2/5) D:9
 Shoals (0/4) Lair:2        Snake (0/4) Lair:2          Orc (0/2) D:9
 Bailey (visited)

Altars:
Dithmenos
Elyvilon
Yredelemnul
Zin

Shops:
D:5 :=[!


Message History

The blink frog blinks!
The merfolk hits you from afar with a +0 trident!
The blink frog blinks!
Unknown command.
You hit the merfolk siren. You drain the merfolk siren.
The merfolk siren is lightly wounded.
The blink frog blinks!
The merfolk siren chants a haunting song.
You are mesmerised by the merfolk siren!
The merfolk hits you from afar with a +0 trident!
The merfolk hits you but does no damage.
A wyvern comes into view.
The wyvern hisses angrily.
You cannot move away from the merfolk siren!
You closely miss the merfolk siren.
The merfolk siren is lightly wounded.
The blink frog barely misses you. The merfolk barely misses you.
The merfolk hits you from afar with a +0 trident!
The blink frog blinks!
Unknown command.
You catch the helpless merfolk siren completely off-guard!
You skewer the merfolk siren like a kebab!!!
The merfolk siren is almost dead.
Your shadow hits the merfolk siren but does no damage.
You block the merfolk's attack. You block the merfolk siren's attack.
The merfolk hits you but does no damage.
The blink frog hits you!
* * * LOW HITPOINT WARNING * * *
You catch the helpless merfolk siren completely off-guard!
You impale the merfolk siren!!
You are no longer entranced.
You kill the merfolk siren!
Dithmenos accepts your kill.
You hear a splash.
The blink frog hits you but does no damage.
The blink frog blinks!
The merfolk hits you from afar with a +0 trident!!
* * * LOW HITPOINT WARNING * * *
The merfolk hits you from afar with a +0 trident!
You die...

>...............#
...............##
........#####..#
#PP.#####...####
###. #####
#>#..######....
~~~~.m.#.....
#~lmF#$.F
##.###mF§.#
.....###@.#
#.........###
#..#........###
##.......#.#
###F.†...##
#....†<.###
###.......#
#...†...## ###
#.#......####
##.##


You could see 3 merfolk, 4 blink frogs and a wyvern.

Vanquished Creatures
  3 death yaks (D:9)
  A skyshark (Lair:2)
  2 orc knights (Bailey)
  Pikel (D:4)
  A cyclops (D:7)
  A merfolk siren (Lair:2)
  5 elephants (Lair:2)
  A black mamba (Lair:1)
  2 cane toads (Lair:1)
  A kobold demonologist (D:10)
  A komodo dragon (Lair:2)
  A rime drake (Lair:1)
  2 trolls
  A polar bear (Lair:1)
  3 blink frogs (Lair:2)
  2 shadows (D:9)
  2 basilisks (Lair:1)
  37 yaks
  A wyvern (D:8)
  2 vampires
  A steam dragon (D:6)
  3 acid dragons
  3 nagas (Lair:2)
  A two-headed ogre zombie (D:9)
  6 water moccasins
  An ice beast (D:8)
  3 orc warriors
  A sky beast (D:6)
  A black bear (Lair:2)
  5 wolves (Lair:1)
  A centaur (D:8)
  A phantom (D:4)
  4 bullfrogs
  2 gnoll sergeants
  3 scorpions (D:6)
  5 wights
  9 killer bees
  4 jellies (D:4)
  2 troll zombies (D:9)
  2 lava snakes (D:9)
  Crazy Yiuf (D:5)
  4 hounds
  7 orc priests
  A gnoll bouda (D:6)
  Jessica (D:3)
  2 sleepcaps
  3 iguanas
  12 orc wizards
  5 ogre zombies (D:9)
  18 gnolls
  10 adders
  3 white imps
  3 worms
  A dart slug (D:4)
  40 orcs
  7 ball pythons
  6 endoplasms
  6 giant cockroaches
  11 goblins
  4 hobgoblins
  6 jackals
  6 quokkas
  8 bats
  3 frilled lizards
  5 goblin zombies (D:9)
  A hobgoblin zombie (D:9)
  7 kobolds
  4 orc skeletons (D:9)
  15 orc zombies (D:9)
  A rat (D:2)
329 creatures vanquished.

Vanquished Creatures (collateral kills)
  A two-headed ogre (D:9)
  An ogre (D:4)
  3 wights (D:9)
5 creatures vanquished.

Vanquished Creatures (others)
  A dancing weapon (D:9)
  An ufetubus (D:6)
2 creatures vanquished.

Grand Total: 336 creatures vanquished

Notes
Turn   | Place    | Note
-------+----------+-------------------------------------------
     0 | D:1      | mopl the Deep Elf Enchanter began the quest for the Orb.
     0 | D:1      | Reached XP level 1. HP: 10/10 MP: 6/6
   128 | D:1      | Found a faded altar of an unknown god.
   449 | D:1      | Reached XP level 2. HP: 16/16 MP: 8/8
   452 | D:1      | Learned a level 2 spell: Ensorcelled Hibernation
   966 | D:2      | Reached skill level 4 in Stealth
  1131 | D:2      | Reached XP level 3. HP: 20/20 MP: 9/9
  1135 | D:2      | Learned a level 3 spell: Confusing Touch
  1139 | D:2      | Learned a level 3 spell: Tukima's Dance
  1882 | D:3      | Reached skill level 1 in Fighting
  2215 | D:3      | Reached XP level 4. HP: 23/25 MP: 6/11
  2250 | D:4      | Found a glowing silver altar of Zin.
  2352 | D:4      | Reached skill level 2 in Short Blades
  2379 | D:4      | Learned a level 2 spell: Blink
  2523 | D:4      | Reached skill level 1 in Shields
  2523 | D:4      | Reached skill level 4 in Spellcasting
  2523 | D:4      | Reached XP level 5. HP: 14/29 MP: 9/13
  2654 | D:4      | Noticed a lemure
  2654 | D:4      | Noticed a lemure
  2660 | D:4      | Noticed a lemure
  2806 | D:3      | Noticed Jessica
  2830 | D:3      | Killed Jessica
  2831 | D:3      | Reached skill level 5 in Hexes
  2989 | D:3      | Reached skill level 5 in Stealth
  3120 | D:4      | Reached XP level 6. HP: 35/35 MP: 14/14
  3165 | D:4      | Reached skill level 2 in Fighting
  3286 | D:4      | Noticed Pikel
  3293 | D:4      | Killed Pikel
  3294 | D:4      | Reached skill level 3 in Short Blades
  3294 | D:4      | Reached skill level 6 in Stealth
  3294 | D:4      | Reached skill level 2 in Shields
  3294 | D:4      | Reached skill level 5 in Spellcasting
  3294 | D:4      | Reached skill level 6 in Hexes
  3294 | D:4      | Reached XP level 7. HP: 31/40 MP: 12/17
  3659 | D:4      | Reached XP level 8. HP: 45/45 MP: 16/18
  3665 | D:4      | Reached skill level 3 in Fighting
  3665 | D:4      | Reached skill level 4 in Short Blades
  3912 | D:5      | Entered Level 5 of the Dungeon
  3914 | D:5      | Found a shadowy altar of Dithmenos.
  3915 | D:5      | Found a basalt altar of Yredelemnul.
  3928 | D:5      | Found a white marble altar of Elyvilon.
  3940 | D:5      | Became a worshipper of Dithmenos the Shadowed
  3967 | D:5      | Learned a level 3 spell: Dazzling Flash
  3968 | D:5      | Found Fialudd's Distillery.
  4055 | D:5      | Reached skill level 6 in Spellcasting
  4325 | D:5      | Bought a potion of degeneration for 14 gold pieces
  4325 | D:5      | Bought a potion of curing for 42 gold pieces
  4325 | D:5      | Bought a potion of heal wounds for 70 gold pieces
  4325 | D:5      | Bought a potion of brilliance for 56 gold pieces
  4325 | D:5      | Bought a potion of cancellation for 112 gold pieces
  4526 | D:5      | Found Sezoame's Antique Armour Emporium.
  4584 | D:5      | You fall into a shaft and drop 1 floor!
  4620 | D:6      | Reached skill level 3 in Shields
  4829 | D:5      | Reached skill level 7 in Stealth
  4903 | D:5      | Found a transporter.
  4903 | D:5      | Found Cececkom's Jewellery Emporium.
  5160 | D:5      | Found Ukhoseb's Book Shop.
  5333 | D:5      | Found a transporter.
  5452 | D:5      | Found a runed translucent door.
  5453 | D:5      | Noticed Crazy Yiuf
  5459 | D:5      | Killed Crazy Yiuf
  5666 | D:6      | Reached * piety under Dithmenos
  5739 | D:5      | Reached skill level 7 in Hexes
  6078 | D:6      | Reached XP level 9. HP: 46/52 MP: 12/21
  6388 | D:7      | Noticed a cyclops
  6394 | D:7      | Killed a cyclops
  6395 | D:7      | Reached skill level 4 in Fighting
  6395 | D:7      | Reached skill level 5 in Short Blades
  6395 | D:7      | Reached skill level 7 in Spellcasting
  6468 | D:7      | Reached skill level 8 in Stealth
  6647 | D:6      | Reached skill level 4 in Shields
  6916 | D:7      | Found a staircase to the Ecumenical Temple.
  7086 | D:5      | Bought a potion of mutation for 112 gold pieces
  7187 | D:8      | Reached skill level 8 in Hexes
  7215 | D:8      | Reached ** piety under Dithmenos
  7218 | D:8      | Reached skill level 8 in Spellcasting
  7496 | D:8      | Reached skill level 6 in Short Blades
  7496 | D:8      | Reached XP level 10. HP: 58/58 MP: 17/24
  7792 | D:8      | Reached skill level 5 in Fighting
  7792 | D:8      | Reached skill level 9 in Stealth
  8315 | D:8      | Reached skill level 9 in Hexes
  8457 | D:9      | Reached skill level 5 in Shields
  8641 | D:9      | Reached *** piety under Dithmenos
  8645 | D:9      | Noticed a two-headed ogre
  8662 | D:9      | Killed a two-headed ogre
  8663 | D:9      | Reached skill level 9 in Spellcasting
  8779 | D:9      | Found a staircase to the Orcish Mines.
  9058 | D:9      | Reached skill level 10 in Stealth
  9100 | D:9      | Reached skill level 7 in Short Blades
  9377 | D:9      | Noticed a death yak
  9529 | D:9      | Reached **** piety under Dithmenos
  9767 | D:9      | Reached XP level 11. HP: 55/64 MP: 24/26
  9914 | D:9      | Noticed a death yak
  9916 | D:9      | Found a staircase to the Lair.
  9917 | D:9      | Noticed a death yak
  9998 | D:9      | Killed a death yak
  9999 | D:9      | Reached skill level 10 in Hexes
 10445 | D:9      | Killed a death yak
 10446 | D:9      | Reached skill level 6 in Fighting
 10688 | D:9      | Killed a death yak
 10821 | D:10     | Entered Level 10 of the Dungeon
 10932 | D:10     | Reached skill level 6 in Shields
 10975 | D:10     | Reached skill level 10 in Spellcasting
 11004 | D:10     | Found a flagged portal.
 11012 | Bailey   | Entered a bailey
 11160 | Bailey   | Noticed an orc knight
 11161 | Bailey   | Noticed an orc knight
 11180 | Bailey   | Killed an orc knight
 11200 | Bailey   | Killed an orc knight
 11379 | Bailey   | Identified the +0 tower shield of Eczyimai {+Inv rN++ MP+9}
 11525 | D:10     | Reached skill level 11 in Stealth
 11719 | D:10     | Reached skill level 8 in Short Blades
 12225 | Lair:1   | Entered Level 1 of the Lair of Beasts
 12258 | Lair:1   | Reached skill level 11 in Hexes
 12324 | Lair:1   | Reached XP level 12. HP: 41/71 MP: 14/28
 12328 | Lair:1   | You fall into a shaft and drop 1 floor!
 12427 | Lair:2   | Reached skill level 11 in Spellcasting
 12431 | Lair:2   | Reached skill level 7 in Fighting
 12436 | Lair:2   | Reached ***** piety under Dithmenos
 12833 | Lair:1   | Reached skill level 7 in Shields
 13147 | Lair:1   | Reached skill level 1 in Translocations
 13348 | Lair:2   | Reached skill level 12 in Stealth
 13379 | Lair:2   | Found a staircase to the Snake Pit.
 13447 | Lair:2   | Found a staircase to the Shoals.
 13456 | Lair:2   | HP: 1/72 [merfolk/+0 trident (19)]
 13456 | Lair:2   | Demolished by a merfolk

Illustrated notes

Levels and vault maps discovered:
D:1:      dpeg_arrival_three_same_balls, layout_loops_ring,
          ebering_ecumenical_altar_mist, chequers_serial_rivers_large_a
D:2:      layout_basic, serial_curves, eino_curves_01, eino_curves_02
D:3:      layout_basic, uniq_jessica
D:4:      minmay_clustersquares, layout_loops_ring,
          mainiacjoe_overflow_concentric_impassable, minmay_close_crescents,
          uniq_pikel
D:5:      layout_layer_cave, gammafunk_temple_overflow_forgotten, serial_shops,
          nicolae_shop_drivethru, nicolae_shop_advertising_works
          [nicolae_subvault_shop_adworks], nicolae_shop_waterfront, shop,
          uniq_crazy_yiuf_cottage
D:6:      layout_rooms
D:7:      layout_cave_pools, temple_green, serial_rivers,
          chequers_serial_rivers_micro_c, chequers_serial_rivers_micro_e,
          chequers_serial_rivers_micro_e, chequers_serial_rivers_room_b
D:8:      layout_basic
D:9:      layout_basic, dpeg_lair_monsters, zombieorc2_lemuel,
          kennysheep_big_empty_room, nzn_life_drinkers
D:10:     layout_cave_pods, lightli_bailey_entry_fortress
Lair:1:   layout_gridlike
Lair:2:   minmay_lair_oklob_chamber, layout_hall_layers,
          elwin_shoals_entry_stream, guppyfry_snake_entry_garden,
          gammafunk_ghost_berserking_beasts

Skill      XL: |  1  2  3  4  5  6  7  8  9 10 11 12 |
---------------+-------------------------------------+-----
Stealth        | 4 5 6 7 8 10 11 12 | 12.0
Fighting       | 1 2 3 4 5 6 7 |  7.2
Short Blades   | 2 3 4 6 7 8 |  8.8
Shields        | 1 2 3 4 5 6 7 |  7.1
Spellcasting   | 4 5 6 8 9 10 11 | 11.4
Hexes          | 5 6 7 8 9 11 | 11.7
Translocations | 1 |  1.6
Dodging        | |  2.4

Action                     |  1- 3 |  4- 6 |  7- 9 | 10-12 || total
---------------------------+-------+-------+-------+-------++-------
  Melee: Dagger            |    85 |    99 |   306 |   616 ||  1106
         Punch             |       |       |     5 |     7 ||    12
   Cast: Ensorcelled Hiber |    10 |    13 |    81 |   124 ||   228
         Confusing Touch   |       |     1 |     8 |    41 ||    50
         Tukima's Dance    |       |     1 |       |    15 ||    16
         Dazzling Flash    |       |       |       |     3 ||     3
  Evoke: Wand              |       |       |       |     2 ||     2
    Use: Potion            |       |       |     1 |       ||     1
   Stab: Sleeping          |    23 |    15 |    55 |   109 ||   202
         Distracted        |       |       |     2 |     2 ||     4
         Confused          |       |       |     7 |    29 ||    36
         Invisible         |       |       |       |     2 ||     2
 Armour: Robe              |    18 |    24 |    34 |       ||    76
         Steam dragon scal |       |       |   114 |   170 ||   284
  Dodge: Dodged            |    39 |    45 |   209 |   287 ||   580
  Block: Buckler           |       |       |       |    42 ||    42
         Kite shield       |       |       |       |    10 ||    10

Table legend: (Time is in decaauts)
 A = Elapsed time spent in this place.
 B = Non-inter-level travel time spent in this place.
 C = Inter-level travel time spent in this place.
 D = Time resting spent in this place.
 E = Time spent auto-exploring this place.
 F = Levels seen in this place.
 G = Mean time per level.
                   A        B        C        D        E       F      G
               +--------+--------+--------+--------+--------+-----+--------+
         Total |  13201 |  12598 |    603 |   2154 |   6548 |  13 | 1015.5 |
       Dungeon |  11530 |  10976 |    554 |   1833 |   5725 |  10 | 1153.0 |
          Lair |   1209 |   1161 |     48 |    122 |    730 |   2 |  604.5 |
        Bailey |    461 |    461 |      0 |    199 |     93 |   1 |  461.0 |
               +--------+--------+--------+--------+--------+-----+--------+

Top non-repeatable levels by time:
     D:9: 2364 daAuts
     D:5: 1737 daAuts
     D:4: 1329 daAuts
     D:8: 1197 daAuts
     D:2: 1026 daAuts
     D:6: 883 daAuts
    D:10: 877 daAuts
     D:1: 796 daAuts
  Lair:1: 752 daAuts
     D:3: 739 daAuts
     D:7: 577 daAuts
  Bailey: 461 daAuts
  Lair:2: 457 daAuts
